 Dungeon Crawl Stone Soup version 0.23.2-40-g277498a001 (webtiles) character file.

Game seed: 10460041287574500394

50 Destapler the Chiller (level 3, -1/29 HPs)
             Began as a Demigod Ice Elementalist on Aug 18, 2019.
             Slain by a quokka (2 damage)
             ... on level 2 of the Dungeon.
             The game lasted 00:06:23 (1485 turns).

Destapler the Chiller (Demigod Ice Elementalist)    Turns: 1485, Time: 00:06:23

Health: -1/29      AC:  2    Str: 11    XL:     3   Next: 35%
Magic:  3/8        EV: 13    Int: 21    God:
Gold:   67         SH:  0    Dex: 16    Spells: 5/6 levels left

rFire    . . .     SeeInvis .   a - +0 dagger
rCold    . . .     Gourm    .   (no shield)
rNeg     . . .     Faith    .   i - +0 robe
rPois    .         Spirit   .   (no helmet)
rElec    .         Reflect  .   (no cloak)
rCorr    .         Harm     .   (no gloves)
MR       .....                  (no boots)
Stlth    ++........             (no amulet)
HPRegen  0.09/turn              (no ring)
MPRegen  0.11/turn              (no ring)

@: no status effects
A: high mp 1
a: no special abilities


You were on level 2 of the Dungeon.
You were not hungry.

You visited 1 branch of the dungeon, and saw 2 of its levels.

You collected 67 gold pieces.

Inventory:

Hand Weapons
 a - a +0 dagger (weapon)
Missiles
 h - 12 stones (quivered)
Armour
 g - a +0 leather armour
 i - a +0 robe (worn)
Scrolls
 b - 3 scrolls of identify {unknown}
 d - a scroll of enchant weapon {unknown}
 e - a scroll of teleportation {unknown}
Potions
 f - 3 potions of curing {unknown}
 k - a potion of heal wounds {unknown}
 l - a potion of mutation {unknown}
Comestibles
 c - a ration
 j - a chunk of flesh


   Skills:
 - Level 2.2 Fighting
 - Level 2.0 Dodging
 + Level 1.7 Stealth
 + Level 2.0 Spellcasting
   Level 0.8 Conjurations
 + Level 3.0 Ice Magic


You had 5 spell levels left.
You knew the following spells:

 Your Spells              Type           Power        Failure   Level  Hunger
a - Freeze                Ice            ##..         4%          1    #......

Your spell library contained the following spells:

 Spells                   Type           Power        Failure   Level  Hunger
 Throw Frost              Conj/Ice       ##....       10%         2    ##.....
 Ozocubu's Armour         Chrm/Ice       #.......     24%         3    ###....
 Throw Icicle             Conj/Ice       ##......     54%         4    #####..
 Summon Ice Beast         Ice/Summ       #.......     61%         4    #####..


Dungeon Overview and Level Annotations

Branches:
Dungeon (2/15)

Annotations:
D:2 Jessica


Innate Abilities, Weirdness & Mutations

You have an increased reservoir of magic. (+10% MP)


Message History

You barely miss the goblin.
The goblin is severely wounded.
The quokka barely misses you. The goblin barely misses you.
The hobgoblin closely misses you.
You hit the quokka but do no damage. The quokka closely misses you.
The goblin unwields a +0 dagger.
The goblin wields a +0 hunting sling.
The goblin shoots a stone.
The stone hits you.
* * * LOW HITPOINT WARNING * * *
The quokka bites you.
* * * LOW HITPOINT WARNING * * *
You see here a stone.
The quokka closely misses you.
You see here a +0 club.
The quokka bites you.
* * * LOW HITPOINT WARNING * * *
The quokka twitches its whiskers.
The quokka twitches its whiskers.
There is a stone staircase leading up here.
The quokka bites you.
You die...

######## #.....@#
#..###.r# #r## #
####.# (####
####r...#
.(...####g.g.####
..(.......####
.....###..#
....)###.#####.


You could see 2 quokkas.

Vanquished Creatures
  An adder (D:2)
  5 dart slugs (D:1)
  2 bats (D:1)
  3 giant cockroaches (D:1)
  8 hobgoblins
  2 kobolds (D:1)
  2 frilled lizards (D:1)
  2 goblins (D:1)
  5 rats
30 creatures vanquished.

Notes
Turn   | Place    | Note
-------+----------+-------------------------------------------
     0 | D:1      | Destapler the Demigod Ice Elementalist began the quest for
                  | the Orb.
     0 | D:1      | Reached XP level 1. HP: 14/14 MP: 5/5
   271 | D:1      | Reached skill level 3 in Ice Magic
   346 | D:1      | Reached XP level 2. HP: 9/20 MP: 0/7
   651 | D:1      | Reached skill level 1 in Fighting
  1224 | D:1      | Reached XP level 3. HP: 24/29 MP: 5/8
  1461 | D:2      | Noticed Jessica
  1479 | D:2      | HP: 1/29 [quokka (4)]
  1485 | D:2      | Slain by a quokka

Skill      XL: |  1  2  3 |
---------------+----------+-----
Spellcasting   | 2 |  2.0
Ice Magic      | 3 |  3.0
Dodging        | 2 |  2.0
Fighting       | 1 2 |  2.2
Stealth        | |  1.7
Conjurations   | |  0.8

Action                   || total
-------------------------++-------
Melee: Unarmed           ||    22
       Dagger            ||    36
       Club              ||    13
Throw: Stone             ||     6
 Cast: Freeze            ||    35
 Stab: Sleeping          ||     1
  Eat: Chunk             ||     2
Armor: Robe              ||    19
Dodge: Dodged            ||    84
